 Dungeon Crawl Stone Soup version 0.20.1-1-g8b1a95d (webtiles) character file.

84 Ymberti the Firebug (level 4, 0/24 HPs)
             Began as a Deep Elf Fire Elementalist on Oct 13, 2017.
             Killed from afar by an orc wizard (10 damage)
             ... with a magic dart
             ... on level 3 of the Dungeon.
             The game lasted 00:06:03 (1619 turns).

Ymberti the Firebug (Deep Elf Fire Elementalist)    Turns: 1619, Time: 00:06:03

Health: 0/24       AC:  4    Str:  5    XL:     4   Next: 24%
Magic:  6/11       EV: 12    Int: 21    God:
Gold:   156        SH:  0    Dex: 15    Spells: 4/10 levels left

rFire    . . .     SeeInvis .   c - +0 quarterstaff
rCold    . . .     Gourm    .   (shield currently unavailable)
rNeg     . . .     Faith    .   a - +0 robe
rPois    .         Spirit   .   (no helmet)
rElec    .         Reflect  .   e - +0 cloak
rCorr    .         Harm     +   u - +0 pair of gloves
MR       .....                  (no boots)
Stlth    ++........             l - amulet of harm
Regen    0.1/turn               q - ring of flight
MPRegen  0.2/turn               (no ring)

@: heavily drained
A: no striking features
a: Evoke Flight


You were on level 3 of the Dungeon.
You were not hungry.

You visited 1 branch of the dungeon, and saw 3 of its levels.

You collected 156 gold pieces.

Inventory:

Hand Weapons
 c - a +0 quarterstaff (weapon)
Armour
 a - a +0 robe (worn)
 e - a +0 cloak (worn)
 u - a +0 pair of gloves (worn)
Jewellery
 l - an amulet of harm (around neck)
 q - a ring of flight (left hand)
Scrolls
 d - 2 scrolls of identify
 g - 2 scrolls of immolation
 h - 4 scrolls of remove curse
 i - a scroll of noise {unknown}
 p - 2 scrolls of teleportation {unknown}
Potions
 f - a potion of resistance {unknown}
 j - 2 potions of curing {unknown}
 k - a potion of brilliance {unknown}
 m - a potion of might {unknown}
 n - a potion of heal wounds {unknown}
 o - 2 potions of haste {unknown}
 v - a potion of magic {unknown}
Books
 b - a book of Flames

   Spells                             Type                      Level
   a - Flame Tongue                   Conjuration/Fire             1
   b - Throw Flame                    Conjuration/Fire             2
   c - Conjure Flame                  Conjuration/Fire             3
   d - Inner Flame                    Hexes/Fire                   3
   e - Sticky Flame                   Conjuration/Fire             4
   f - Fireball                       Conjuration/Fire             5
 r - a book of Summonings

   Spells                             Type                      Level
   a - Recall                         Summoning/Translocation      3
   b - Aura of Abjuration             Summoning                    5
   c - Summon Demon                   Summoning                    5
   d - Summon Forest                  Summoning/Translocation      5
   e - Summon Mana Viper              Hexes/Summoning              5
   f - Shadow Creatures               Summoning                    6
Comestibles
 s - a bread ration
 t - 2 meat rations


   Skills:
   Level 0.2(0.0) Axes
 + Level 0.4(0.0) Staves
 + Level 2.9(1.5) Dodging
 + Level 2.5(1.1) Stealth
 + Level 3.6(2.2) Spellcasting
 + Level 1.7(0.3) Conjurations
 + Level 4.6(3.1) Fire Magic


You had 4 spell levels left.
You knew the following spells:

 Your Spells              Type           Power        Failure   Level  Hunger
a - Flame Tongue          Conj/Fire      #....        7%          1    #......
b - Throw Flame           Conj/Fire      #.....       11%         2    ##.....
c - Conjure Flame         Conj/Fire      #.......     22%         3    ###....


Dungeon Overview and Level Annotations

Branches:
Dungeon (3/15)

Altars:
Okawaru


Message History

Press: ? - help, Shift-Dir - straight line, f/p - worm
Aim: a worm (moderately wounded)
The flame tongue hits the worm.
The worm is heavily wounded.
The worm bites you.
The orc wizard points at you and mumbles some strange words.
The puff of frost misses you.
An orc priest comes into view. It is wielding a flail.
Unknown command.
As you read the scroll labeled UHAIRASOIX, it crumbles to dust.
It is a scroll of identify.
g - 2 scrolls of immolation The orc wizard hits you but does no damage.
The orc hits you with a short sword.
As you read the scroll labeled FAOTOO HEAB, it crumbles to dust.
You feel blessed for a moment.
It was a scroll of remove curse.
The orc wizard misses you. The orc misses you.
The orc wizard casts a spell at you. The magic dart hits you!
You die...

#.....###........#..#
..#.....###......... #
. ....................
......................
......####....#####...
..... #....# ... .....
#....# ..
......####....#
#..Jo@.....#
#...wo.....#
#..o....#### #.o.....#
.........# ..........#
.....o.....#
........####


You could see a worm, an orc priest (wandering), an orc wizard, an ooze and 3
orcs.

Vanquished Creatures
  3 adders
  A worm (D:3)
  A dart slug (D:2)
  A leopard gecko (D:2)
  An orc (D:3)
  A ball python (D:2)
  A giant cockroach (D:1)
  4 goblins
  3 hobgoblins (D:1)
  4 jackals (D:2)
  A quokka (D:2)
  7 bats
  8 frilled lizards
  7 kobolds
  8 rats
51 creatures vanquished.

Notes
Turn   | Place    | Note
-------+----------+-------------------------------------------
     0 | D:1      | Ymberti the Deep Elf Fire Elementalist began the quest for the Orb.
     0 | D:1      | Reached XP level 1. HP: 10/10 MP: 6/6
   152 | D:1      | Reached XP level 2. HP: 11/15 MP: 2/8
   674 | D:2      | Reached skill level 4 in Fire Magic
   848 | D:2      | Reached XP level 3. HP: 18/19 MP: 3/9
  1216 | D:2      | Found an iron altar of Okawaru.
  1488 | D:3      | Reached XP level 4. HP: 23/24 MP: 8/11
  1510 | D:3      | Learned a level 2 spell: Throw Flame
  1514 | D:3      | Learned a level 3 spell: Conjure Flame
  1619 | D:3      | Killed from afar by an orc wizard

Skill      XL: |  1  2 |
---------------+-------+-----
Fire Magic     | 4 |  4.6
Axes           | |  0.2
Staves         | |  0.4
Dodging        | |  2.9
Stealth        | |  2.5
Spellcasting   | |  3.6
Conjurations   | |  1.7

Action                   |  1- 3 |  4- 6 || total
-------------------------+-------+-------++-------
Melee: Unarmed           |     1 |       ||     1
       Hand axe          |    20 |       ||    20
       Quarterstaff      |    12 |     1 ||    13
 Cast: Flame Tongue      |    62 |    13 ||    75
       Throw Flame       |       |     3 ||     3
  Use: Scroll            |       |     2 ||     2
 Stab: Sleeping          |     1 |       ||     1
  Eat: Fruit             |     2 |       ||     2
       Bread ration      |     1 |       ||     1
Armor: Robe              |    19 |     1 ||    20
Dodge: Dodged            |    73 |     4 ||    77
